 Dungeon Crawl Stone Soup version 0.21-a0-536-gdbbf329 (webtiles) character file.

277 tof the Ducker (level 6, -5/41 HPs)
             Began as a Merfolk Ice Elementalist on Dec 14, 2017.
             Killed from afar by an orc wizard (9 damage)
             ... with a magic dart
             ... on level 2 of the Dungeon.
             The game lasted 00:08:30 (3543 turns).

tof the Ducker (Merfolk Ice Elementalist)           Turns: 3543, Time: 00:08:31

Health: -5/41      AC:  2    Str:  9    XL:     6   Next: 25%
Magic:  4/9        EV: 15    Int: 16    God:
Gold:   157        SH:  4    Dex: 14    Spells: 7/10 levels left

rFire    . . .     SeeInvis .   w - +0 quarterstaff (curse)
rCold    . . .     Gourm    .   (shield currently unavailable)
rNeg     . . .     Faith    .   a - +0 robe
rPois    .         Spirit   .   (no helmet)
rElec    .         Reflect  +   (no cloak)
rCorr    .         Harm     .   (no gloves)
MR       .....                  (no boots)
Stlth    ++........             f - +4 amulet of reflection
HPRegen  0.13/turn              x - ring of loudness (curse)
MPRegen  0.11/turn              (no ring)

@: no status effects
A: change form in water, swift swim, stealthy swim
a: no special abilities


You were on level 2 of the Dungeon.
You were not hungry.

You visited 1 branch of the dungeon, and saw 4 of its levels.

You collected 157 gold pieces.

Inventory:

Hand Weapons
 e - a +0 short sword
 w - a cursed +0 quarterstaff (weapon)
Missiles
 d - 3 curare-tipped needles
 g - 5 javelins (quivered)
Armour
 a - a +0 robe (worn)
Jewellery
 f - a +4 amulet of reflection (around neck)
 x - a cursed ring of loudness (left hand)
Scrolls
 i - a scroll of enchant armour
 n - 2 scrolls of enchant weapon
 o - 2 scrolls of remove curse {unknown}
 q - 2 scrolls of amnesia
 r - a scroll of random uselessness {unknown}
 s - a scroll of noise {unknown}
 t - a scroll of teleportation {unknown}
Potions
 j - a potion of resistance {unknown}
 l - a potion of brilliance {unknown}
 p - a potion of agility {unknown}
 u - a potion of invisibility {unknown}
 z - a potion of haste {unknown}
Books
 b - a book of Frost

   Spells                             Type                      Level
   a - Freeze                         Ice                          1
   b - Throw Frost                    Conjuration/Ice              2
   c - Ozocubu's Armour               Charms/Ice                   3
   d - Throw Icicle                   Conjuration/Ice              4
   e - Summon Ice Beast               Ice/Summoning                4
Comestibles
 c - 2 bread rations
 h - 2 royal jellies
 k - 2 meat rations


   Skills:
 + Level 1.1 Staves
 + Level 4.9 Dodging
 + Level 4.3 Stealth
 - Level 2.5 Spellcasting
 - Level 0.7 Conjurations
 + Level 4.7 Ice Magic


You had 7 spell levels left.
You knew the following spells:

 Your Spells              Type           Power        Failure   Level  Hunger
a - Freeze                Ice            ###.         2%          1    #......
b - Throw Frost           Conj/Ice       ##....       10%         2    ##.....


Dungeon Overview and Level Annotations

Branches:
Dungeon (4/15)
 Temple: D:4-7

Altars:
Cheibriados
Elyvilon
Hepliaklqana


Message History

* * * LOW HITPOINT WARNING * * *
Something hits you.
* * * LOW HITPOINT WARNING * * *
You bump into the rock wall.
You hear some strange, mumbled words.
Something tries to affect you, but you resist.
You barely miss something.
You feel less confused. Something hits you but does no damage.
Something hits you.
* * * LOW HITPOINT WARNING * * *
You closely miss something. Something barely misses you.
You closely miss something. Something hits you.
* * * LOW HITPOINT WARNING * * *
You closely miss something. Something hits you.
* * * LOW HITPOINT WARNING * * *
You hit something.
You hear some strange, mumbled words.
A magic dart appears from out of thin air!
The magic dart hits you!
You die...

##...#.#.##.#
#####.........###
.....#..##......#####
............##......#####
........#######.........##
.....##.# ####>......#
.....##.## ##...#####
.....##..# ##.....##
.....###.## #@.....[#
.....# #..######{......#
#########........).....#
###<..........>......##
##.......#####.#.......#
..######.#####.........#
###_## #.#.............#
##≈≈≈###.#.....###....##
#≈≈≈≈≈##.#.....###...##


There were no monsters in sight!

Vanquished Creatures
  An ogre (D:4)
  A scorpion (D:3)
  An orc priest (D:4)
  4 adders
  2 oozes (D:2)
  3 worms (D:2)
  2 dart slugs
  A leopard gecko (D:1)
  7 bats
  3 giant cockroaches
  10 goblins
  6 hobgoblins
  4 jackals (D:2)
  2 frilled lizards
  4 kobolds
  5 rats
56 creatures vanquished.

Notes
Turn   | Place    | Note
-------+----------+-------------------------------------------
     0 | D:1      | tof the Merfolk Ice Elementalist began the quest for the Orb.
     0 | D:1      | Reached XP level 1. HP: 13/13 MP: 3/3
   531 | D:1      | Reached XP level 2. HP: 19/19 MP: 5/5
   889 | D:1      | Learned a level 2 spell: Throw Frost
  1307 | D:2      | Reached XP level 3. HP: 23/24 MP: 4/6
  1363 | D:2      | Found a white marble altar of Elyvilon.
  1866 | D:2      | Reached XP level 4. HP: 29/30 MP: 5/7
  2252 | D:2      | Found a hazy altar of Hepliaklqana.
  2283 | D:2      | Found a snail-covered altar of Cheibriados.
  2509 | D:3      | Found a faded altar of an unknown god.
  2636 | D:3      | Reached XP level 5. HP: 13/35 MP: 1/8
  3371 | D:4      | Noticed an ogre
  3398 | D:4      | Killed an ogre
  3398 | D:4      | Reached skill level 1 in Staves
  3398 | D:4      | Reached XP level 6. HP: 41/41 MP: 1/9
  3543 | D:2      | Killed from afar by an orc wizard

Vault maps used:
D:1:      dpeg_arrival_solitude
D:2:      nicolae_overflow_crystal_walls, lemuel_coloured_pillars_altar,
          kennysheep_slug_shrine
D:3:      chequers_ecumenical_altar_island, gup_sewer_entry_glass
D:4:      temple_pool_b

Skill      XL: |  1  2  3  4  5 |
---------------+----------------+-----
Dodging        | 3 4 |  4.9
Stealth        | 3 4 |  4.3
Ice Magic      | 4 |  4.7
Staves         | 1 |  1.1
Spellcasting   | |  2.5
Conjurations   | |  0.7

Action                   |  1- 3 |  4- 6 || total
-------------------------+-------+-------++-------
Melee: Short sword       |    47 |    55 ||   102
       Unarmed           |     2 |       ||     2
       Tailslap          |       |     1 ||     1
       Quarterstaff      |       |    13 ||    13
 Cast: Freeze            |    13 |    33 ||    46
       Throw Frost       |     9 |    10 ||    19
  Use: Scroll            |       |     3 ||     3
 Stab: Sleeping          |     4 |     2 ||     6
  Eat: Chunk             |     4 |     6 ||    10
Armor: Robe              |     6 |     6 ||    12
Dodge: Dodged            |    39 |    66 ||   105
Block: Other             |     5 |    13 ||    18

Table legend:
 A = Spawn XP
 B = Non-spawn XP
 C = Spawn XP percentage of total XP
 D = Spawn monster count
 E = Non-spawn monster count
 F = Spawn count percentage of total count
 G = Total turns spent on level
                    A         B        C        D         E        F      G
               +---------+---------+-------+---------+---------+-------+---------
         Total |       0 |     396 |   0.0 |       0 |      56 |   0.0 |  3543
               +---------+---------+-------+---------+---------+-------+---------
           D:1 |       0 |      27 |   0.0 |       0 |      15 |   0.0 |  1223
           D:2 |       0 |      90 |   0.0 |       0 |      28 |   0.0 |  1250
           D:3 |       0 |     113 |   0.0 |       0 |      11 |   0.0 |  1009
           D:4 |       0 |     166 |   0.0 |       0 |       2 |   0.0 |    61
               +---------+---------+-------+---------+---------+-------+---------
